 Dungeon Crawl Stone Soup version 0.20.0-15-g7f486f2 (webtiles) character file.

94 Darkins the Slasher (level 4, -9/34 HPs)
             Began as a Human Gladiator on June 20, 2017.
             Mangled by Glitchraptor's ghost (13 damage)
             ... on level 3 of the Dungeon.
             The game lasted 00:02:41 (1317 turns).

Darkins the Slasher (Human Gladiator)               Turns: 1317, Time: 00:02:42

Health: -9/34      AC:  5    Str: 14    XL:     4   Next: 94%
Magic:  4/4        EV: 13    Int:  9    God:
Gold:   61         SH:  0    Dex: 15    Spells: 3/3 levels left

rFire    . . .     SeeInvis .   a - +0 long sword
rCold    . . .     Gourm    .   (no shield)
rNeg     . . .     Faith    .   b - +0 leather armour
rPois    .         Spirit   .   c - +0 helmet
rElec    .         Reflect  .   (no cloak)
rCorr    .         Harm     .   n - +0 pair of gloves
MR       .....                  (no boots)
Stlth    +.........             (no amulet)
Regen    0.2/turn               (no ring)
MPRegen  0.1/turn               (no ring)

@: no status effects
A: no striking features
a: no special abilities


You were on level 3 of the Dungeon.
You were hungry.

You visited 1 branch of the dungeon, and saw 3 of its levels.

You collected 61 gold pieces.

Inventory:

Hand Weapons
 a - a +0 long sword (weapon)
Missiles
 d - 3 throwing nets (quivered)
Armour
 b - a +0 leather armour (worn)
 c - a +0 helmet (worn)
 n - a +0 pair of gloves (worn)
Jewellery
 l - an uncursed ring of protection from fire {unknown}
Scrolls
 e - a scroll of enchant weapon {unknown}
 h - a scroll of magic mapping {unknown}
 j - 2 scrolls of teleportation {unknown}
 m - 2 scrolls of remove curse {unknown}
 o - a scroll of noise {unknown}
 p - 2 scrolls of identify {unknown}
Potions
 g - a potion of lignification {unknown}
 i - 2 potions of curing {unknown}
 k - 2 potions of agility {unknown}
Comestibles
 f - 2 bread rations


   Skills:
 + Level 2.4 Fighting
 + Level 4.3 Long Blades
 - Level 2.0 Throwing
 + Level 1.0 Armour
 + Level 3.7 Dodging


You had 3 spell levels left.
You didn't know any spells.

Dungeon Overview and Level Annotations

Branches:
Dungeon (3/15)

Altars:
Uskayaw

Annotations:
D:3 Glitchraptor's ghost, amateur MiFi


Message History

Glitchraptor's ghost (amateur Minotaur Fighter) comes into view.
Found 2 bubbling green potions.
There is a stone staircase leading up here.
Press: ? - help, v - describe, . - travel
Here: Glitchraptor's ghost The floor.
You completely miss Glitchraptor's ghost.
Glitchraptor's ghost misses you. Glitchraptor's ghost hits you!
You hit Glitchraptor's ghost but do no damage.
Glitchraptor's ghost hits you!
You hit Glitchraptor's ghost but do no damage.
Glitchraptor's ghost completely misses you.
You barely miss Glitchraptor's ghost.
Glitchraptor's ghost hits you but does no damage.
You hit Glitchraptor's ghost but do no damage.
Glitchraptor's ghost hits you!
* * * LOW HITPOINT WARNING * * *
You closely miss Glitchraptor's ghost. Glitchraptor's ghost barely misses you.
Glitchraptor's ghost hits you!
You die...

#######
##......#
##........
#.........
#.<.......
#.........
#.@.......
#...W.!.....
####........
#........
.........
.........
.........
#.........


You could see Glitchraptor's ghost.

Vanquished Creatures
  Jessica (D:2)
  An adder (D:2)
  An ooze (D:1)
  2 dart slugs (D:2)
  2 worms (D:2)
  2 giant cockroaches
  11 goblins
  7 hobgoblins
  A quokka (D:2)
  2 ball pythons
  6 bats
  4 kobolds
  4 rats
44 creatures vanquished.

Notes
Turn   | Place    | Note
-------+----------+-------------------------------------------
     0 | D:1      | Darkins the Human Gladiator began the quest for the Orb.
     0 | D:1      | Reached XP level 1. HP: 16/16 MP: 1/1
    93 | D:1      | Reached XP level 2. HP: 21/22 MP: 2/2
   288 | D:1      | Reached XP level 3. HP: 26/27 MP: 3/3
   625 | D:2      | Found a hide-covered altar of Uskayaw.
   875 | D:2      | Noticed Jessica
   878 | D:2      | Killed Jessica
   878 | D:2      | Reached skill level 4 in Long Blades
   878 | D:2      | Reached skill level 1 in Armour
   878 | D:2      | Reached XP level 4. HP: 34/34 MP: 4/4
  1309 | D:3      | Noticed Glitchraptor's ghost (amateur MiFi)
  1317 | D:3      | Mangled by Glitchraptor's ghost

Skill      XL: |  1  2  3 |
---------------+----------+-----
Long Blades    | 4 |  4.3
Armour         | 1 |  1.0
Fighting       | |  2.4
Throwing       | |  2.0
Dodging        | |  3.7

Action                   |  1- 3 |  4- 6 || total
-------------------------+-------+-------++-------
Melee: Long sword        |    91 |    31 ||   122
 Stab: Sleeping          |     2 |       ||     2
  Eat: Chunk             |       |     1 ||     1
Armor: Leather armour    |    27 |     8 ||    35
Dodge: Dodged            |    89 |    20 ||   109
       Rpst.: Long sword |    28 |     5 ||    33
